 Dungeon Crawl Stone Soup version 0.16.2-12-gd0ad4c3 (webtiles) character file.

39859 faibistes the Eclecticist (level 13, -2/80 HPs)
             Began as a Deep Elf Wizard on Dec 29, 2018.
             Was a High Priest of Sif Muna.
             Slain by a dire elephant (14 damage)
             ... on level 8 of the Lair of Beasts.
             The game lasted 01:37:02 (31780 turns).

faibistes the Eclecticist (Deep Elf Wizard)        Turns: 31780, Time: 01:37:03

Health: -2/80      AC:  9    Str: 11    XL:     13   Next: 71%
Magic:  0/47       EV: 17    Int: 31    God:    Sif Muna [*****.]
Gold:   1365       SH:  0    Dex: 13    Spells: 13 memorised, 1 level left

rFire  . . .     SeeInvis .     w - +3 dagger of Eternal Night {pain, MP+9 Str+7}
rCold  . . .     Clarity  +     c - +2 robe {MR+}
rNeg   . . .     SustAb   .     (no shield)
rPois  .         Gourm    .     z - +1 hat {MR+}
rElec  .         Spirit   .     A - +2 cloak
rCorr  .         Warding  .     u - +0 pair of gloves
rMut   .         Stasis   .     (no boots)
MR     +++..                    v - amulet of clarity
Stlth  ++........               W - +3 ring of slaying
                                N - +2 ring of intelligence

@: very slightly contaminated, hasted, repel missiles, very quick, extremely
resistant to hostile enchantments, unstealthy
A: no striking features
a: Channel Energy, Forget Spell, Renounce Religion


You were on level 8 of the Lair of Beasts.
You worshipped Sif Muna.
Sif Muna was extremely pleased with you.
You were very hungry.

You visited 3 branches of the dungeon, and saw 21 of its levels.

You collected 1440 gold pieces.
You spent 75 gold pieces at shops.

Inventory:

Hand weapons
 w - the +3 dagger of Eternal Night (weapon) {pain, MP+9 Str+7}
   (You took it off an orc priest on level 10 of the Dungeon)

   In the hands of one skilled in necromantic magic, it inflicts extra damage on
   living creatures.
   It affects your strength (+7).
   It affects your magic capacity (+9).
Armour
 c - a +2 robe of magic resistance (worn)
 u - a +0 pair of gloves (worn)
 z - a +1 hat of magic resistance (worn)
 A - a +2 cloak (worn)
Jewellery
 m - an uncursed ring of protection from magic
 v - an amulet of clarity (around neck)
 G - an uncursed amulet of resist corrosion
 N - a +2 ring of intelligence (left hand)
 V - an uncursed ring of ice
 W - a +3 ring of slaying (right hand)
Magical devices
 e - a wand of confusion (19)
 p - a wand of hasting (7)
 y - a wand of draining (0)
 C - a wand of enslavement (6)
 L - a wand of cold (0)
 M - a wand of enslavement (15)
 P - a wand of flame (33)
 S - a wand of polymorph (7)
 X - a wand of cold (7)
 Y - a wand of slowing (26)
Scrolls
 a - a scroll of amnesia
 b - a scroll of summoning
 f - 12 scrolls of remove curse
 i - a scroll of noise
 k - 3 scrolls of magic mapping
 s - 2 scrolls of recharging
 x - 2 scrolls of fog
 T - 4 scrolls of identify
Potions
 o - 3 potions of invisibility
 r - 2 potions of brilliance
 t - 5 potions of curing
 B - 2 potions of cure mutation
 D - 2 potions of ambrosia
 E - 3 potions of restore abilities
 F - 3 potions of agility
 H - a potion of might
 I - a potion of flight
 J - 2 potions of magic
 O - 2 potions of heal wounds
Books
 h - a book of Changes

   Spells                             Type                      Level
   a - Beastly Appendage              Transmutation                1
   b - Sticks to Snakes               Transmutation                2
   c - Spider Form                    Transmutation/Poison         3
   d - Ice Form                       Ice/Transmutation            4
   e - Blade Hands                    Transmutation                5
Miscellaneous
 j - a lamp of fire
Comestibles
 d - 15 bread rations
 l - 13 fruits
 K - 5 meat rations
 U - 12 royal jellies


   Skills:
 * Level 9.2 Fighting
 + Level 10.1 Dodging
 - Level 2.4 Stealth
 * Level 15.4 Spellcasting
 + Level 6.7 Conjurations
 + Level 4.6 Charms
 - Level 4.0 Summonings
 + Level 4.5 Translocations
 - Level 3.1 Transmutations
 + Level 6.1 Fire Magic
 - Level 4.0 Ice Magic
 - Level 4.6 Air Magic
 * Level 4.4 Earth Magic
 - Level 1.9 Poison Magic
 * Level 6.1 Invocations
 + Level 7.3 Evocations


You had one spell level left.
You knew the following spells:

 Your Spells              Type           Power        Failure   Level  Hunger
a - Magic Dart            Conj           ####         1%          1    None
b - Conjure Flame         Conj/Fire      ######..     1%          3    None
c - Summon Ice Beast      Ice/Summ       #####...     4%          4    None
d - Blink                 Tloc           N/A          1%          2    None
e - Mephitic Cloud        Conj/Pois/Air  ######..     1%          3    None
f - Repel Missiles        Chrm/Air       ######       1%          2    None
g - Summon Lightning Spi  Summ/Air       ######..     3%          4    None
h - Iskenderun's Battles  Conj/Chrm      ######..     6%          5    None
i - Shroud of Golubria    Chrm/Tloc      ######....   1%          2    None
j - Petrify               Trmt/Erth      #####...     4%          4    None
k - Passwall              Trmt/Erth      #####.....   1%          3    None
l - Lee's Rapid Deconstr  Erth           ######....   12%         5    None
x - Stone Arrow           Conj/Erth      ######       1%          3    None


Dungeon Overview and Level Annotations

Branches:
Dungeon (12/15)            Temple (1/1) D:7            Lair (8/8) D:9
  Swamp (0/5) Lair:6        Snake (0/5) Lair:6        Slime (0/6) Lair:7
    Orc (0/4) D:11

Altars:
Ashenzari
Cheibriados
Dithmenos
Elyvilon
Fedhas
Gozag
Kikubaaqudgha
Makhleb
Nemelex Xobeh
Okawaru
Qazlal
Ru
Sif Muna
Trog
Vehumet
Xom
Yredelemnul
Zin
The Shining One

Shops:
D:8 !

Annotations:
D:6 1 runed door


Message History

Press: ? - help, Shift-Dir - straight line, f/p - dire elephant
Aim: a dire elephant (almost dead)
The magic dart hits the dire elephant.
The dire elephant is almost dead.
Your battlesphere fires!
The barrage of energy hits the dire elephant.
The dire elephant is almost dead.
Casting: Magic Dart
Confirm with . or Enter, or press ? or * to list all spells.
Aiming: Magic Dart
Press: ? - help, Shift-Dir - straight line, f/p - dire elephant
Aim: a dire elephant (almost dead)
The magic dart hits the dire elephant.
The dire elephant is almost dead.
Your battlesphere fires!
The barrage of energy hits the dire elephant.
The dire elephant is almost dead.
Your battlesphere expends the last of its energy and dissipates.
The dire elephant closely misses you. The dire elephant trunk-slaps you!
You die...

..................#.#
...................##
♣...#...........§.##
#...##............####
#♣..P#............##.######
#....................P#..# ##
#...#...................#######.
#..............Y.......P..P.....
#.P.....##.....@..............P.
♣.......###P....................
#......P##P.....................
##.....####.....#................
#.....## #######................
.....#.# ##....P........[.
....#### ##..#.........#. ..#.#
######.#.#...## ...## ####.#.##


You could see a dire elephant.

Vanquished Creatures
  Rupert (Lair:7)
  Gastronok (D:9)
  A dire elephant (Lair:8)
  3 hydras
  An anaconda (Lair:8)
  The ghost of faibistes the Thaumaturge, a powerful DEWz of Sif Muna (D:10)
  4 death yaks (Lair:7)
  Erolcha (D:9)
  The ghost of faibistes the Thaumaturge, an experienced DEWz of Sif Muna (D:8)
  An unseen horror (D:10)
  A hill giant (D:10)
  Pikel (D:6)
  A griffon (Lair:7)
  2 black mambas
  An elephant (Lair:4)
  2 spiny frogs
  An orange crystal statue (D:9)
  8 komodo dragons
  2 fire drakes
  Grinder (D:3)
  A two-headed ogre (D:9)
  14 blink frogs
  3 basilisks
  13 yaks
  Eustachio (D:9)
  A hippogriff (Lair:7)
  A naga (Lair:6)
  4 vampire mosquitoes (Lair:6)
  Edmund (D:5)
  3 water moccasins
  10 porcupines
  A soldier ant (D:9)
  A spider (D:9)
  A slave (D:6)
  3 wasps
  6 sky beasts
  2 black bears
  4 phantoms
  3 orc warriors
  7 crocodiles
  2 eyes of draining (D:9)
  A centaur (D:11)
  5 boring beetles (D:9)
  Sigmund (D:2)
  3 big kobolds
  3 ogres
  Blork the orc (D:7)
  10 giant frogs
  A wyvern zombie (D:7)
  5 scorpions
  2 electric eels
  A lightning spire (D:11)
  10 killer bees
  4 jellies
  A quasit (D:7)
  2 goliath beetles
  A centaur zombie (D:6)
  3 crimson imps
  15 hounds
  An iron imp (D:10)
  A centaur skeleton (D:10)
  Crazy Yiuf (D:3)
  3 giant frog skeletons
  5 iguanas
  8 orc priests
  11 worker ants
  A killer bee zombie (D:6)
  9 orc wizards
  9 sheep
  Jessica (D:2)
  Robin (D:3)
  13 gnolls
  A hound skeleton (D:7)
  20 adders
  23 river rats
  3 shadow imps
  2 giant mites
  3 worms
  An adder skeleton (D:9)
  4 giant geckos
  26 orcs
  Natasha (D:2)
  2 ball pythons
  12 bats
  3 giant cockroaches
  25 goblins
  13 hobgoblins
  15 jackals
  12 quokkas
  2 giant gecko zombies
  5 giant newts
  A giant spore (D:7)
  24 kobolds
  22 rats
  15 ballistomycetes (D:9)
  2 fungi
  2 plants (Lair:8)
489 creatures vanquished.

Vanquished Creatures (collateral kills)
  A hydra (Lair:8)
  An anaconda (Lair:8)
  A cyclops (D:11)
  An ugly thing (D:10)
  5 black mambas
  A torpor snail (Lair:5)
  7 spiny frogs
  A fire drake (Lair:3)
  A two-headed ogre (D:11)
  A boulder beetle (Lair:8)
  A basilisk (Lair:4)
  13 blink frogs
  14 yaks
  A wyvern (Lair:8)
  A mottled dragon (Lair:8)
  A steam dragon (Lair:8)
  4 wolves
  A hippogriff (Lair:8)
  13 water moccasins
  An orc warrior (D:11)
  4 nagas (Lair:6)
  A swamp drake (Lair:8)
  An ice beast (D:9)
  2 porcupines
  A necrophage (D:9)
  3 crocodiles
  3 giant frogs
  2 killer bees (D:10)
  A quasit (D:11)
  An orc wizard (D:8)
  2 hounds (D:11)
  2 iguanas
  Natasha (twice) (D:2)
  A worker ant (D:9)
  14 sheep
  An adder (Lair:5)
  35 river rats
  An orc (D:11)
  A hobgoblin (D:2)
  2 jackals (D:9)
  A ball python (D:6)
  A bat (D:10)
  A fungus (Lair:6)
153 creatures vanquished.

Vanquished Creatures (others)
  16 ice beasts
  5 lightning spires
  A gnoll shaman (D:7)
  A worker ant (D:10)
  3 gnolls (D:7)
  A white imp (D:9)
  5 giant spores
  A ballistomycete (D:10)
  58 fungi
  28 plants
119 creatures vanquished.

Grand Total: 761 creatures vanquished

Notes
Turn   | Place    | Note
--------------------------------------------------------------
     0 | D:1      | faibistes, the Deep Elf Wizard, began the quest for the Orb.
     0 | D:1      | Reached XP level 1. HP: 10/10 MP: 6/6
   367 | D:1      | Reached XP level 2. HP: 15/15 MP: 7/10
   393 | D:1      | Learned a level 2 spell: Blink
   396 | D:1      | Learned a level 2 spell: Call Imp
   421 | D:3      | Noticed Natasha
   435 | D:2      | Killed Natasha
   435 | D:2      | Reached skill level 5 in Spellcasting
   682 | D:1      | Reached XP level 3. HP: 19/19 MP: 8/14
   700 | D:1      | Learned a level 3 spell: Conjure Flame
   704 | D:1      | Learned a level 3 spell: Mephitic Cloud
  1176 | D:2      | Noticed Jessica
  1184 | D:2      | Killed Jessica
  1433 | D:2      | Noticed Natasha
  1439 | D:2      | Killed Natasha
  1509 | D:2      | Found a bloodstained altar of Trog.
  1591 | D:2      | Learned a level 2 spell: Repel Missiles
  1649 | D:2      | Noticed Sigmund
  1757 | D:2      | Killed Sigmund
  1757 | D:2      | Reached skill level 6 in Spellcasting
  1757 | D:2      | Reached XP level 4. HP: 18/24 MP: 1/18
  1938 | D:2      | Reached XP level 5. HP: 28/28 MP: 13/20
  2107 | D:2      | Noticed Natasha
  2108 | D:2      | Killed Natasha
  2539 | D:3      | Found a stormy altar of Qazlal.
  2587 | D:4      | Reached XP level 6. HP: 32/32 MP: 18/22
  2630 | D:5      | Entered Level 5 of the Dungeon
  3013 | D:6      | Found a runed door.
  3013 | D:6      | Noticed a human
  3014 | D:6      | Found a basalt altar of Yredelemnul.
  3029 | D:6      | Reached skill level 1 in Fighting
  3029 | D:6      | Reached skill level 7 in Spellcasting
  3126 | D:3      | Noticed Grinder
  3359 | D:3      | Noticed Crazy Yiuf
  3370 | D:3      | Killed Crazy Yiuf
  3598 | D:3      | Noticed Robin
  3755 | D:3      | Killed Robin
  4041 | D:3      | Killed Grinder
  4041 | D:3      | Reached skill level 8 in Spellcasting
  4041 | D:3      | Reached XP level 7. HP: 26/40 MP: 9/26
  4735 | D:4      | Reached skill level 5 in Dodging
  5201 | D:5      | Reached skill level 9 in Spellcasting
  5348 | D:5      | Reached XP level 8. HP: 41/46 MP: 21/28
  5770 | D:5      | Noticed Edmund
  5780 | D:5      | Killed Edmund
  5919 | D:6      | Reached skill level 10 in Spellcasting
  6813 | D:7      | Noticed Blork the orc
  6829 | D:7      | Killed Blork the orc
  6908 | D:7      | Reached skill level 5 in Fighting
  7137 | D:6      | Found a burning altar of Makhleb.
  7137 | D:6      | Found a glowing golden altar of the Shining One.
  7137 | D:6      | Found an iron altar of Okawaru.
  7151 | D:6      | Reached XP level 9. HP: 54/54 MP: 15/30
  7226 | D:6      | Found an ancient bone altar of Kikubaaqudgha.
  7249 | D:6      | Noticed Pikel
  7260 | D:6      | Killed Pikel
  7260 | D:6      | Reached skill level 11 in Spellcasting
  7260 | D:6      | Reached skill level 1 in Evocations
  7693 | D:7      | Found a staircase to the Ecumenical Temple.
  7704 | Temple   | Entered the Ecumenical Temple
  9040 | D:8      | Found Feufabb's Distillery.
  9045 | D:8      | Bought a potion of heal wounds for 75 gold pieces
  9155 | D:8      | Reached skill level 12 in Spellcasting
  9491 | D:10     | Entered Level 10 of the Dungeon
  9505 | D:10     | Reached XP level 10. HP: 61/61 MP: 21/33
  9523 | D:10     | Noticed faibistes' ghost (powerful DEWz)
  9629 | D:9      | Noticed Eustachio
  9645 | D:9      | Killed Eustachio
  9798 | D:10     | Killed faibistes' ghost
 10056 | D:10     | Learned a level 2 spell: Shroud of Golubria
 10167 | D:8      | Noticed faibistes' ghost (experienced DEWz)
 10183 | D:8      | Killed faibistes' ghost
 10369 | D:9      | Noticed Gastronok
 10443 | D:8      | Reached skill level 13 in Spellcasting
 11275 | D:8      | Reached skill level 5 in Evocations
 11475 | D:8      | Noticed a seven-headed hydra
 11497 | D:8      | Killed a seven-headed hydra
 11695 | D:9      | Noticed an orange crystal statue
 12066 | D:9      | Found a staircase to the Lair.
 12771 | D:9      | Found a deep blue altar of Sif Muna.
 12779 | D:9      | Became a worshipper of Sif Muna the Loreminder
 12829 | D:9      | Reached skill level 1 in Air Magic
 12829 | D:9      | Reached XP level 11. HP: 66/68 MP: 13/35
 13120 | D:9      | Learned a level 4 spell: Summon Ice Beast
 13125 | D:9      | Learned a level 4 spell: Summon Lightning Spire
 13386 | D:9      | Killed Gastronok
 13386 | D:9      | Acquired Sif Muna's first power
 13386 | D:9      | Reached skill level 1 in Fire Magic
 13386 | D:9      | Reached skill level 1 in Ice Magic
 13989 | D:9      | Noticed Erolcha
 14021 | D:9      | Killed Erolcha
 14021 | D:9      | Reached skill level 1 in Poison Magic
 14749 | D:10     | Killed an unseen horror
 14749 | D:10     | Reached skill level 14 in Spellcasting
 15408 | D:10     | Got a slimy dagger
 15440 | D:10     | Identified the +3 dagger of Eternal Night {pain, MP+9 Str+7} (You took it off an orc priest on level 10 of the Dungeon)
 15568 | D:10     | Acquired Sif Muna's second power
 15954 | D:10     | Reached skill level 5 in Conjurations
 16196 | D:10     | Noticed a hill giant
 16205 | D:10     | Killed a hill giant
 16630 | D:11     | Reached skill level 1 in Invocations
 16835 | D:11     | Found a staircase to the Orcish Mines.
 16929 | Lair:1   | Entered Level 1 of the Lair of Beasts
 17439 | Lair:1   | Reached skill level 1 in Charms
 18802 | Lair:2   | Reached XP level 12. HP: 52/73 MP: 36/36
 20643 | Lair:3   | Noticed a six-headed hydra
 20654 | Lair:3   | Killed a six-headed hydra
 21498 | Lair:5   | Reached skill level 5 in Fire Magic
 23405 | Lair:5   | Acquired Sif Muna's third power
 23537 | Lair:5   | Learned a level 5 spell: Lee's Rapid Deconstruction
 23542 | Lair:5   | Learned a level 4 spell: Petrify
 23546 | Lair:5   | Learned a level 3 spell: Stone Arrow
 23550 | Lair:5   | Learned a level 3 spell: Passwall
 24414 | Lair:6   | Reached skill level 1 in Transmutations
 24575 | Lair:6   | Found a staircase to the Snake Pit.
 25014 | Lair:6   | Reached skill level 1 in Earth Magic
 25150 | Lair:6   | Found a staircase to the Swamp.
 25414 | Lair:6   | Noticed an anaconda
 26573 | Lair:8   | Entered Level 8 of the Lair of Beasts
 26875 | Lair:8   | Noticed a five-headed hydra
 27528 | Lair:7   | Reached XP level 13. HP: 79/79 MP: 30/37
 27722 | Lair:7   | Noticed Rupert
 27741 | Lair:7   | Paralysed by Rupert for 6 turns
 27743 | Lair:7   | Killed Rupert
 27839 | Lair:7   | Found a staircase to the Slime Pits.
 27937 | Lair:7   | Killed a five-headed hydra
 27937 | Lair:7   | Reached skill level 15 in Spellcasting
 27937 | Lair:7   | Reached skill level 5 in Invocations
 28201 | Lair:8   | Killed an anaconda
 28462 | Lair:8   | Noticed a five-headed hydra
 29286 | Lair:7   | Reached skill level 10 in Dodging
 29895 | D:9      | Killed an orange crystal statue
 29902 | D:9      | Got a pair of steaming gloves
 29913 | D:9      | Identified the -3 pair of gloves "Kesmaih" {-Cast +Blink +Inv rN+ rCorr} (You found it on level 9 of the Dungeon)
 29954 | D:9      | Identified the Papyrus of the Scorpion
 29995 | Lair:2   | Learned a level 5 spell: Iskenderun's Battlesphere
 30174 | Lair:8   | Killed a five-headed hydra
 31074 | Lair:8   | Noticed an anaconda
 31078 | Lair:8   | Killed an anaconda
 31119 | Lair:8   | Noticed a dire elephant
 31119 | Lair:8   | Noticed a dire elephant
 31147 | Lair:8   | Noticed a dire elephant
 31158 | Lair:8   | Noticed a dire elephant
 31158 | Lair:8   | Noticed a dire elephant
 31217 | Lair:8   | Noticed a dire elephant
 31652 | Lair:8   | Killed a dire elephant
 31780 | Lair:8   | Slain by a dire elephant

Action                   |  1- 3 |  4- 6 |  7- 9 | 10-12 | 13-15 || total
-------------------------+-------+-------+-------+-------+-------++-------
Melee: Dagger            |    14 |     3 |   103 |   329 |    94 ||   543
 Cast: Magic Dart        |    76 |   187 |   423 |   714 |    57 ||  1457
       Call Imp          |     3 |     1 |     1 |     9 |     1 ||    15
       Mephitic Cloud    |     3 |    11 |    22 |    78 |    12 ||   126
       Repel Missiles    |     1 |       |     1 |     1 |       ||     3
       Conjure Flame     |       |     6 |    36 |   123 |    60 ||   225
       Blink             |       |     3 |     2 |    17 |    35 ||    57
       Shroud of Golubri |       |       |       |    20 |     2 ||    22
       Summon Ice Beast  |       |       |       |   110 |    36 ||   146
       Summon Lightning  |       |       |       |    21 |     7 ||    28
       Stone Arrow       |       |       |       |    46 |    58 ||   104
       Lee's Rapid Decon |       |       |       |     9 |    12 ||    21
       Petrify           |       |       |       |     8 |     1 ||     9
       Iskenderun's Batt |       |       |       |       |     9 ||     9
Invok: Channel Energy    |       |       |       |    22 |     8 ||    30
       Forget Spell      |       |       |       |       |     1 ||     1
Evoke: Wand              |       |       |       |    14 |     2 ||    16
  Use: Scroll            |       |     5 |    14 |    16 |     5 ||    40
       Potion            |       |       |       |     3 |     4 ||     7
 Stab: Confused          |     1 |       |     3 |     7 |     2 ||    13
       Sleeping          |       |       |     1 |       |       ||     1
  Eat: Chunk             |     2 |     7 |    17 |    45 |     8 ||    79
       Beef jerky        |       |       |     1 |     4 |       ||     5
       Pizza             |       |       |       |     2 |     2 ||     4
       Fruit             |       |       |       |     4 |     2 ||     6
